 Dungeon Crawl Stone Soup version 0.25.1-8-g42b30a86e7 (webtiles) character file.

Game seed: 16188014377689298507

260 Celery the Ruffian (level 5, 54/54 HPs)
             Began as a Troll Fighter on Dec 24, 2020.
             Quit the game on level 4 of the Dungeon.
             The game lasted 00:06:57 (2373 turns).

Celery the Ruffian (Troll Fighter)                  Turns: 2373, Time: 00:06:58

Health: 54/54      AC:  6    Str: 25    XL:     5   Next: 95%
Magic:  4/4        EV:  8    Int:  4    God:
Gold:   179        SH:  9    Dex:  9    Spells: 4/4 levels left

rFire    . . .     SeeInvis .     - Unarmed
rCold    . . .     Gourm    +   b - +0 kite shield
rNeg     . . .     Faith    .   a - +0 robe
rPois    .         Spirit   .   (helmet restricted)
rElec    .         Reflect  .   (no cloak)
rCorr    .         Harm     .   (gloves unavailable)
MR       .....                  (boots unavailable)
Stlth    +.........             (no amulet)
HPRegen  0.58/turn              (no ring)
MPRegen  0.09/turn              (no ring)

@: no status effects
A: large, unfitting armour, claws 3, fast metabolism 3, gourmand, regeneration
1, shaggy fur 1, tough skin 3
a: no special abilities


You were on level 4 of the Dungeon.
You were completely stuffed.

You visited 1 branch of the dungeon, and saw 4 of its levels.

You collected 179 gold pieces.

Inventory:

Missiles
 f - 11 poisoned darts (quivered)
Armour
 a - a +0 robe (worn)
 b - a +0 kite shield (worn)
Jewellery
 m - an uncursed ring of magical power {unknown}
 o - an uncursed ring of resist corrosion {unknown}
Wands
 s - a wand of iceblast (8)
Scrolls
 e - 4 scrolls of identify {unknown}
 h - 3 scrolls of enchant armour {unknown}
 i - a scroll of remove curse {unknown}
 j - 3 scrolls of immolation {unknown}
 p - 5 scrolls of random uselessness {unknown}
Potions
 c - a potion of might
 g - a potion of brilliance {unknown}
 k - 2 potions of flight {unknown}
 n - a potion of berserk rage {unknown}
 q - 2 potions of stabbing {unknown}
 r - a potion of heal wounds {unknown}
Comestibles
 d - 10 rations
 l - 2 chunks of flesh


   Skills:
 + Level 3.7 Fighting
 - Level 2.4 Dodging
 + Level 3.7 Shields
 + Level 4.0 Unarmed Combat


You had 4 spell levels left.
You didn't know any spells.
Your spell library was empty.

Dungeon Overview and Level Annotations

Branches:
Dungeon (4/15)
 Temple: D:4-7

Altars:
Hepliaklqana
Trog
Zin


Innate Abilities, Weirdness & Mutations

You are too large for most types of armour.
You have claws for hands.
Your metabolism is lightning-fast.
You like to eat raw meat.
Your natural rate of healing is unusually fast.
You are covered in fur. (AC +1)
You have extremely tough skin. (AC +3)


Message History

This raw flesh tastes great.
An adder comes into view.
The adder hisses angrily.
Found a lumpy puce potion.
The adder closely misses you.
Found a scroll labeled INKEOSSURR.
Found a stone staircase leading up.
You claw the adder!
The adder is almost dead.
The adder barely misses you.
You closely miss the adder.
The adder is almost dead.
You block the adder's attack.
You scratch the adder.
You kill the adder!
Your Unarmed Combat skill increases to level 4!
You see here an adder corpse.
You butcher the adder corpse.
l - 2 chunks of flesh (gained 1)
You see here an adder skeleton.
Are you sure you want to abandon this character and quit the game? (Confirm with "yes".)

# ## ..##. ...## #.##
#..#########
#....##..#....... ####
#.....@..!.... ...##
####.##.<...?. .#..##
#.# .......
..#..#########.#
#######
#.##.........#.#####
..##.........#.....#
..##.........#####.####
<).#.........# #....#
.............# ####.##


There were no monsters in sight!

Vanquished Creatures
  An ogre (D:3)
  An orc wizard (D:3)
  Robin (D:2)
  5 adders
  2 dart slugs
  A leopard gecko (D:1)
  11 orcs
  4 giant cockroaches
  14 goblins
  16 hobgoblins
  3 kobolds
  A ball python (D:1)
  5 bats
  5 frilled lizards
  8 rats
78 creatures vanquished.

Notes
Turn   | Place    | Note
-------+----------+-------------------------------------------
     0 | D:1      | Celery the Troll Fighter began the quest for the Orb.
     0 | D:1      | Reached XP level 1. HP: 22/22 MP: 0/0
   105 | D:1      | Reached XP level 2. HP: 29/29 MP: 1/1
   550 | D:1      | You fall into a shaft and drop 1 floor!
   614 | D:2      | Reached XP level 3. HP: 26/36 MP: 2/2
   717 | D:2      | Found a bloodstained altar of Trog.
   855 | D:2      | Noticed Robin
   866 | D:2      | Reached skill level 3 in Unarmed Combat
   881 | D:2      | Reached XP level 4. HP: 22/45 MP: 3/3
   892 | D:2      | Killed Robin
  1692 | D:3      | Reached XP level 5. HP: 53/53 MP: 4/4
  1811 | D:3      | Found a glowing silver altar of Zin.
  2035 | D:4      | Noticed an ogre
  2060 | D:3      | Killed an ogre
  2236 | D:4      | Found a hazy altar of Hepliaklqana.
  2369 | D:4      | Reached skill level 4 in Unarmed Combat
  2373 | D:4      | Quit the game

Illustrated notes

Levels and vault maps discovered:
D:1:      lightli_arrival_windingriver, layout_basic
D:2:      layout_loops_ring, bloody_trog, uniq_robin
D:3:      layout_rooms, lemuel_doored_altar, first_ration
D:4:      layout_rooms, lemuel_crystal_altar, kennysheep_generic_room_7

Skill      XL: |  1  2  3  4  5 |
---------------+----------------+-----
Fighting       | 3 |  3.7
Shields        | 3 |  3.7
Unarmed Combat | 3 4 |  4.0
Dodging        | |  2.4

Action                   |  1- 3 |  4- 6 || total
-------------------------+-------+-------++-------
Melee: Unarmed           |   127 |   113 ||   240
Throw: Dart              |     1 |       ||     1
  Eat: Chunk             |    13 |    15 ||    28
Armor: Robe              |    46 |    28 ||    74
Dodge: Dodged            |    32 |    31 ||    63
Block: Kite shield       |    63 |    58 ||   121
